 Dungeon Sprint DCSS version bcrawl-1.15.1 (webtiles) character file.

Game seed: 10213927368272948225

4500000 Hercules1031 the Conqueror (level 25, -1/234 HPs)
             Began as a Demonspawn Berserker on Sept 28, 2019.
             Was the Champion of Makhleb.
             Slain by a destroyer
             ... wielding a +9 great sword of slicing
              (196 damage)
             ... in the Dungeon (Sprint VIII: "Arena of Blood").
             The game lasted 00:02:24 (45 turns).

Hercules1031 the Conqueror (Demonspawn Berserker)     Turns: 45, Time: 00:02:24

Health: -1/234     AC:  4    Str: 26    XL:     25   Next: 1%
Magic:  24/54      EV: 33    Int:  9    God:    Makhleb [******]
Gold:   0          SH:  8    Dex: 16    Spells: 78/78 levels left

rFire    . . .     SeeInvis .   j - +∞ Axe of Woe
rCold    . . .     Gourm    .   (shield currently unavailable)
rNeg     . . .     Faith    .   b - +0 animal skin
rPois    .         Spirit   .   (helmet unavailable)
rElec    .         Reflect  .   (no cloak)
rCorr    .         Harm     .   (no gloves)
MR       +....     NoTele   +   (no boots)
Stlth    ++++++++++             (no amulet)
HPRegen  0.49/turn              (no ring)
MPRegen  0.34/turn              (no ring)

@: no status effects
A: horns 3, large bone plates 3, nightstalker 3, spiny 3, augmentation 3
a: Minor Destruction, Lesser Servant of Makhleb, Major Destruction, Greater
Servant of Makhleb, Renounce Religion


You were in the Dungeon.
You worshipped Makhleb.
Makhleb was exalted by your worship.
You were not hungry.

You visited 1 branch

Inventory:

Hand Weapons
 a - a +0 hand axe
 j - the +∞ Axe of Woe (weapon)
   (You found it in the Dungeon)
Armour
 b - a +0 animal skin (worn)
Scrolls
 i - a scroll of blinking
Potions
 d - a potion of curing
 e - a potion of heal wounds
 f - a potion of haste
 g - 2 potions of magic
 h - a potion of berserk rage
Comestibles
 c - a ration {!d}


   Skills:
 O Level 27 Fighting
 O Level 27 Axes
 O Level 27 Throwing
 O Level 27 Armour
 O Level 27 Dodging
 O Level 27 Stealth
 O Level 27 Unarmed Combat
 O Level 27 Spellcasting
 O Level 27 Invocations


You had 78 spell levels left.
You didn't know any spells.
Your spell library was empty.

Dungeon Overview and Level Annotations

Branches:
Dungeon (1/1)

Altars:
Makhleb


Innate Abilities, Weirdness & Mutations

You have a pair of large horns on your head.
You are completely covered in large bone plates. (SH +8)
You are completely attuned to the shadows.
You are completely covered in sharp spines.
Your magical and physical power is greatly enhanced at high health.


Message History

The destroyer blinks!
You hear a shout! x3
An orc and 2 vampire knights come into view.
A destroyer is wielding a +9 great sword of slicing.
A destroyer is wielding a +9 great sword of slicing.
You hear a shout! x7
The meat berserker hits you with a +9 battleaxe!!!
The destroyer shouts! x2; You hear a shout!
A sculptor of flesh comes into view. It is wielding a +9 great sword.
You hear a shout! x7
A bag of meat comes into view. It is wielding a +9 war axe.
The destroyer blinks!
You hear a shout! x2
The destroyer blinks!
A destroyer comes into view.
It is wielding a +9 great sword of slicing.
A bag of meat comes into view. It is wielding a +9 war axe.
You hear a shout!
You hear two shouts!
You hear a shout! x5
The destroyer hits you with a +9 great sword of slicing!!!!!
Ouch! That really hurt!
You die...

...... ....... o....
......# ..... ......#
......
......###...o.....
.###)...§○.....V.###.
.._.))§.)§§.V.....z..
...).#.).)o.)#)#V....
_.<)_#.))).V)VO.@....
.....#......#)#.#....
.._...§........o.....
.###.........#.#.#..#
. ...###.......Vo.#.
. ...# . ...# .....


You could see 4 destroyers, a sculptor of flesh, a meat berserker (berserk) and
a bag of meat.

Vanquished Creatures
  4 vampire knights (D)
  12 ogres (D)
  A two-headed ogre (D)
  24 orcs (D)
41 creatures vanquished.

Notes
Turn   | Place    | Note
-------+----------+-------------------------------------------
     0 | D        | Found the +∞ Axe of Woe
     0 | D        | Hercules1031 the Demonspawn Berserker began the quest for
                  | the Orb.
     0 | D        | Reached XP level 1. HP: 18/18 MP: 1/1
     2 | D        | Noticed a meat berserker
     2 | D        | Noticed a bag of meat
     2 | D        | Noticed a bag of meat
     4 | D        | Fell from the grace of Trog
     4 | D        | Became a worshipper of Makhleb the Destroyer
     4 | D        | Noticed a meat berserker
     4 | D        | Noticed a meat berserker
     5 | D        | Noticed a bag of meat
     5 | D        | Noticed a bag of meat
     5 | D        | Noticed a bag of meat
     6 | D        | Killed a meat berserker
     6 | D        | Reached skill level 10 in Dodging
     6 | D        | Gained mutation: You have a pair of small horns on your
                  | head. [demonic ancestry]
     6 | D        | Reached XP level 2. HP: 51/51 MP: 2/2
     6 | D        | Reached XP level 3. HP: 58/58 MP: 3/3
     6 | D        | Gained mutation: You have a pair of horns on your head.
                  | [demonic ancestry]
     6 | D        | Reached XP level 4. HP: 65/65 MP: 4/4
     6 | D        | Gained mutation: You are partially covered in large bone
                  | plates. (SH +4) [demonic ancestry]
     6 | D        | Reached XP level 5. HP: 72/72 MP: 5/5
     6 | D        | Reached XP level 6. HP: 79/79 MP: 6/6
     6 | D        | Reached XP level 7. HP: 86/86 MP: 7/7
     6 | D        | Reached XP level 8. HP: 93/93 MP: 8/8
     6 | D        | Gained mutation: You have a pair of large horns on your
                  | head. [demonic ancestry]
     6 | D        | Reached XP level 9. HP: 99/99 MP: 9/9
     6 | D        | Gained mutation: You are mostly covered in large bone
                  | plates. (SH +6) [demonic ancestry]
     6 | D        | Reached XP level 10. HP: 107/107 MP: 10/10
     6 | D        | Gained mutation: You are slightly more attuned to the
                  | shadows. [demonic ancestry]
     6 | D        | Reached XP level 11. HP: 113/113 MP: 11/11
     6 | D        | Reached XP level 12. HP: 121/121 MP: 12/12
     6 | D        | Gained mutation: You are completely covered in large bone
                  | plates. (SH +8) [demonic ancestry]
     6 | D        | Reached XP level 13. HP: 127/127 MP: 13/13
     6 | D        | Noticed a bag of meat
     6 | D        | Noticed a bag of meat
     6 | D        | Noticed a bag of meat
     7 | D        | Killed a meat berserker
     7 | D        | Reached * piety under Makhleb
     7 | D        | Gained mutation: You are partially covered in sharp spines.
                  | [demonic ancestry]
     7 | D        | Reached XP level 14. HP: 143/143 MP: 14/14
     7 | D        | Noticed a meat berserker
     8 | D        | Killed a meat berserker
     8 | D        | Reached XP level 15. HP: 154/154 MP: 15/15
    10 | D        | Reached ** piety under Makhleb
    10 | D        | Reached skill level 27 in Fighting
    11 | D        | Killed a meat berserker
    11 | D        | Reached skill level 27 in Axes
    11 | D        | Gained mutation: You are significantly more attuned to the
                  | shadows. [demonic ancestry]
    11 | D        | Reached XP level 16. HP: 167/167 MP: 16/16
    12 | D        | Reached *** piety under Makhleb
    12 | D        | Gained mutation: You are mostly covered in sharp spines.
                  | [demonic ancestry]
    12 | D        | Reached XP level 17. HP: 174/174 MP: 17/17
    13 | D        | Reached **** piety under Makhleb
    14 | D        | Reached XP level 18. HP: 182/182 MP: 18/18
    14 | D        | Noticed a meat berserker
    15 | D        | Reached skill level 27 in Armour
    17 | D        | Reached skill level 27 in Dodging
    19 | D        | Killed a meat berserker
    19 | D        | Reached ***** piety under Makhleb
    19 | D        | Reached skill level 10 in Throwing
    19 | D        | Reached skill level 10 in Unarmed Combat
    19 | D        | Reached skill level 10 in Spellcasting
    19 | D        | Gained mutation: Your magical and physical power is
                  | slightly enhanced at high health. [demonic ancestry]
    19 | D        | Reached XP level 19. HP: 189/189 MP: 18/33
    19 | D        | Noticed a meat berserker
    20 | D        | Noticed a destroyer
    22 | D        | Noticed a meat berserker
    23 | D        | Noticed a meat berserker
    23 | D        | Noticed a meat berserker
    23 | D        | Noticed a meat berserker
    24 | D        | Noticed a large bag of meat
    24 | D        | Killed a meat berserker
    24 | D        | Reached skill level 15 in Throwing
    24 | D        | Reached skill level 15 in Unarmed Combat
    24 | D        | Reached skill level 15 in Spellcasting
    26 | D        | Noticed a destroyer
    26 | D        | Gained mutation: You are completely attuned to the shadows.
                  | [demonic ancestry]
    26 | D        | Reached XP level 20. HP: 197/197 MP: 19/41
    27 | D        | Killed a meat berserker
    27 | D        | Reached ****** piety under Makhleb
    27 | D        | Killed a meat berserker
    27 | D        | Reached skill level 27 in Invocations
    27 | D        | Gained mutation: You are completely covered in sharp
                  | spines. [demonic ancestry]
    27 | D        | Reached XP level 21. HP: 204/204 MP: 19/45
    27 | D        | Noticed a destroyer
    30 | D        | Killed a destroyer
    30 | D        | Reached XP level 22. HP: 212/212 MP: 20/50
    32 | D        | Reached skill level 27 in Stealth
    32 | D        | Killed a destroyer
    32 | D        | Reached skill level 27 in Throwing
    32 | D        | Reached skill level 27 in Unarmed Combat
    32 | D        | Reached skill level 27 in Spellcasting
    33 | D        | Killed a destroyer
    33 | D        | Reached XP level 23. HP: 219/219 MP: 21/54
    34 | D        | Noticed a destroyer
    35 | D        | Killed a large bag of meat
    35 | D        | Noticed a destroyer
    36 | D        | Gained mutation: Your magical and physical power is
                  | enhanced at high health. [demonic ancestry]
    36 | D        | Reached XP level 24. HP: 227/227 MP: 21/54
    38 | D        | Noticed a destroyer
    41 | D        | Killed a destroyer
    42 | D        | Gained mutation: Your magical and physical power is greatly
                  | enhanced at high health. [demonic ancestry]
    42 | D        | Reached XP level 25. HP: 234/234 MP: 23/54
    42 | D        | Noticed a destroyer
    43 | D        | Noticed a destroyer
    43 | D        | Noticed a destroyer
    44 | D        | Noticed a destroyer
    45 | D        | Slain by a destroyer

Skill      XL: |  1  2  3  4  5  6  7  8  9 10 11 12 13 14 15 16 17 18 19 20 21 22 |
---------------+-------------------------------------------------------------------+-----
Fighting       | 20 23 25 27 | 27.0
Axes           | 19 22 24 27 | 27.0
Armour         | 11 12 13 18 21 26 27 | 27.0
Dodging        | 10 12 13 17 21 25 27 | 27.0
Throwing       | 10 17 20 24 27 | 27.0
Stealth        | 11 18 22 26 27 | 27.0
Unarmed Combat | 10 17 20 24 27 | 27.0
Spellcasting   | 10 17 20 24 27 | 27.0
Invocations    | 14 22 27 | 27.0

Action                   |  1- 3 |  4- 6 |  7- 9 | 10-12 | 13-15 | 16-18 | 19-21 | 22-24 | 25-27 || total
-------------------------+-------+-------+-------+-------+-------+-------+-------+-------+-------++-------
Melee: Executioner's axe |     1 |       |       |       |     5 |     6 |     7 |     7 |       ||    26
Dodge: Dodged            |       |       |       |       |       |     1 |       |       |       ||     1
